[Event "Smuk Skak GM Tournament 2024"]
[Site "Skanderborg"]
[Date "2024.08.17"]
[Round "1.1"]
[White "Pajeken, Jakob Leon"]
[Black "Aczel, Gergely"]
[Result "1/2-1/2"]
[ECO "B12"]
[WhiteElo "2416"]
[BlackElo "2485"]
[Annotator "TA"]
[PlyCount "156"]
[EventDate "2024.08.11"]
[EventType "tourn"]
[EventCountry "DEN"]
[SourceTitle "playchess.com"]
[Source "ChessBase"]
[SourceQuality "1"]
[TimeControl "40/5400+30:1800+30"]

1. e4 c6 2. d4 d5 3. e5 c5 4. Nf3 cxd4 5. Qxd4 Nc6 6. Qf4 {[%emt 0:00:02] B12: Caro-Kann: Advance Variation.} Nh6 7. Nc3 g6 8. Bb5 a6 $146 ({Predecessor:} 8... Nf5 9. g4 d4 10. Bxc6+ bxc6 11. Ne2 Nh6 12. Nfxd4 Bxg4 13. f3 Bd7 14. Bd2 Qb8 {1-0 Eckhardt,G-Faust,D Rangliste 1900-2200 22546 2020}) 9. Bxc6+ bxc6 10. Be3 Rb8 11. O-O Bg7 12. Qa4 O-O 13. Nd4 Bd7 14. Bxh6 Bxh6 15. Nxc6 Bxc6 16. Qxc6 e6 17. Rab1 Rb6 18. Qc5 Qb8 19. Na4 Rb5 20. Qd6 Qxd6 21. exd6 Rd8 22. Rfd1 Bf8 23. Rbc1 Bxd6 24. g3 Ra5 25. b3 Ba3 26. Rb1 Rc8 27. Rd2 Rc6 28. Rbd1 Rb5 29. Kf1 Rb8 30. c3 Be7 31. Rd3 Rbc8 32. Rf3 Kg7 33. c4 ({White should try} 33. h4 $15) 33... dxc4 $19 34. bxc4 Rxc4 35. Nb6 Rc1 (35... Rd8 $1 $17 36. Rxd8 Rc1+ 37. Kg2 Bxd8) 36. Nxc8 $11 Rxd1+ 37. Ke2 Rd7 38. Nxe7 Rxe7 39. Ra3 Ra7 40. h4 a5 41. Ke3 Kf6 42. Rc3 Rd7 43. Rc5 Rd5 $1 44. Rc7 Re5+ 45. Kf3 h6 46. a4 g5 47. hxg5+ hxg5 48. Ra7 Rc5 49. Ke3 (49. Ke2 $142) 49... g4 $17 50. Kd4 Rd5+ $1 51. Ke4 Rf5 52. Ke3 Kg6 $1 53. Ke2 Re5+ 54. Kd3 (54. Kd2 $17) 54... f6 55. Rc7 Rf5 56. Ke2 {[%emt 0:00:00] [#]} Rd5 $1 57. Ke3 f5 58. Ra7 Kf6 59. Ra6 (59. Ke2 $142) 59... Ke5 $2 (59... Re5+ $19 60. Kd3 Ke7) 60. Rc6 $1 $11 Kf6 $2 (60... Rd8 $11) 61. Ra6 $19 {[%emt 0:00:00] [#]} Ke7 $2 (61... Re5+ $1 $19 62. Kd3 Ke7) 62. Ra7+ $1 $11 Kd6 63. Ra6+ $1 Kd7 64. Ra7+ $1 Ke8 65. Kf4 Kd8 66. Kg5 Rd7 67. Rxa5 Ke7 68. Kf4 Kf6 69. Ke3 Rc7 70. Ra8 Rc3+ 71. Ke2 Ra3 72. a5 Ke5 73. Kf1 Ke4 74. Kg2 e5 75. a6 Ra1 76. Ra7 Ra3 77. Ra8 $1 Ra2 78. Ra7 Ra3 1/2-1/2

[Event "Smuk Skak GM Tournament 2024"]
[Site "Skanderborg"]
[Date "2024.08.17"]
[Round "1.2"]
[White "Solodovnichenko, Yuri"]
[Black "Thybo, Jesper Sondergaard"]
[Result "0-1"]
[ECO "C44"]
[WhiteElo "2491"]
[BlackElo "2554"]
[Annotator "TA"]
[PlyCount "88"]
[EventDate "2024.08.11"]
[EventType "tourn"]
[EventCountry "DEN"]
[SourceTitle "playchess.com"]
[Source "ChessBase"]
[SourceQuality "1"]
[TimeControl "40/5400+30:1800+30"]

1. e4 e5 2. Nf3 Nc6 3. d4 exd4 4. Nxd4 Nf6 5. Nxc6 bxc6 6. Bd3 d5 7. Qe2 Be7 8. e5 Nd7 9. O-O O-O 10. Bf4 {[%emt 0:03:13] The position is equal.} Nc5 11. Nd2 a5 12. Rfe1 a4 13. Nf3 Nxd3 14. Qxd3 c5 {[%emt 0:01:32] Dodges Nd4} 15. c4 c6 16. Rad1 Be6 17. h3 h6 18. Nh2 Rb8 (18... dxc4 $2 19. Qg3 Qb6 20. Bxh6 $18) 19. Bc1 Qc8 (19... dxc4 $2 20. Qg3 Qb6 21. Bxh6 $18) (19... Rb4 $142 20. f4 Qc8 (20... Rxc4 21. f5 $11) (20... dxc4 21. Qf3 $15)) 20. Qg3 Kh7 21. Ng4 Rd8 (21... dxc4 $6 22. Nf6+ Bxf6 (22... gxf6 23. Qf4 $11) 23. exf6 $11) 22. Qd3+ Kh8 23. Ne3 (23. Qf3 $17) 23... Rb4 24. g4 {[%emt 0:01:47] [#]} (24. Qe2 $17) 24... Bg5 (24... dxc4 25. Qc2 $17) (24... d4 $1 $19 {[%cal Rd4e3] has better winning chances.} 25. Nf5 Qd7 (25... Bxc4 26. Qc2 $17) (25... Qb7 $2 26. g5 $17)) 25. Nf5 {[%emt 0:04:15] White does not recover from this.} (25. Nc2 $17 dxc4 26. Qe2) 25... dxc4 (25... Rxc4 26. Bxg5 (26. Nd6 Rxd6 27. exd6 Bf6 $11) 26... hxg5 27. Nd6 Rxd6 28. exd6 $11) 26. Qc2 {[%emt 0:01:29] Bxg5 would now be deadly.} Bxc1 27. Rxc1 (27. Rxd8+ Qxd8 28. Qxc1) 27... Rd3 $19 28. Nd6 Qb8 29. Rcd1 (29. Re2 $142) 29... Rxh3 30. Kg2 Rd3 31. Rxd3 cxd3 32. Qxd3 Rxg4+ 33. Kf1 Qb4 {[%emt 0:02:08][%cal Og4g1] And now ...Rg1+! would win.} 34. a3 (34. Qc3 $142) 34... Qf4 (34... Rg1+ $142 35. Kxg1 Qxe1+ 36. Qf1 Qxe5) 35. Re4 Qc1+ 36. Re1 {[%emt 0:00:11] [#]} Rg1+ $3 37. Kxg1 Qxe1+ {[%emt 0:00:03][%mdl 4096] Endgame. KQB-KQN} 38. Kg2 Bd5+ 39. Kh3 Qxe5 (39... Qxf2 $142 40. Qxd5 cxd5 41. Nb7 Qxb2 42. Nd6 Qxa3+ (42... Qxe5 $2 43. Nxf7+ Kh7 44. Nxe5 $19) 43. Kg2 Qe3 (43... Kg8 44. e6 Qb2+ 45. Kg3 Qe5+ 46. Kg2 Qxd6 47. exf7+ Kf8 48. Kf3 a3 49. Kf2 a2 50. Ke3 a1=Q 51. Kf3 Qf1+ 52. Kg4 Qg6+ 53. Kh4 Qh1#) 44. Nxf7+ Kg8 45. Nd8 Qg5+ (45... Qxe5 {leads to mate.} 46. Kh3 Qe3+ 47. Kh4 a3 48. Kg4 a2 49. Nc6 a1=Q 50. Ne7+ Qxe7 51. Kg3 Qf1 52. Kh2 Qh4#) 46. Kh3 Qxd8 47. Kg3 a3 48. Kg2 a2 49. Kh1 a1=Q+ (49... a1=B {is a self mate.} 50. Kg2 Qg5+ 51. Kf3 Bxe5 52. Ke2 Qg2+ 53. Ke3 g5 54. Kd3 c4+ 55. Ke3 d4#) 50. Kg2 Qg5+ (50... Qxe5 {gets mated.} 51. Kg1 Qe1+ 52. Kg2 Qg5+ 53. Kh3 Qeh4#) 51. Kh2 Qag1+ 52. Kh3 Qh5#) 40. Qg3 {[%emt 0:00:29] Black is clearly winning.} Qh5+ 41. Qh4 Qf3+ 42. Qg3 Qh1+ 43. Kg4 Be6+ 44. Kf4 Qd5 {[%emt 0:00:43] Weighted Error Value: White=0.73/Black=0.40.  Loses game:     	White=1     	---        Mistake:       	White=4     	Black=3      Inaccurate:     	White=4     	Black=2      OK:         	White=7     	Black=13     Best:        	---       	Black=1} 0-1

[Event "Smuk Skak GM Tournament 2024"]
[Site "Skanderborg"]
[Date "2024.08.17"]
[Round "1.4"]
[White "Kosakowski, Jakub"]
[Black "Kanov, Nikola"]
[Result "1/2-1/2"]
[ECO "C07"]
[WhiteElo "2501"]
[BlackElo "2414"]
[Annotator "TA"]
[PlyCount "138"]
[EventDate "2024.08.11"]
[EventType "tourn"]
[EventCountry "DEN"]
[SourceTitle "playchess.com"]
[Source "ChessBase"]
[SourceQuality "1"]
[TimeControl "40/5400+30:1800+30"]

1. e4 e6 2. d4 d5 3. Nd2 c5 4. Ngf3 cxd4 5. Nxd4 Nc6 6. Bb5 Bd7 7. Nxc6 bxc6 8. Bd3 Qc7 9. Qe2 Ne7 10. O-O Ng6 11. g3 Ne5 12. Re1 Nxd3 13. Qxd3 Be7 14. c4 Rd8 15. exd5 cxd5 16. cxd5 Bc6 17. Qc3 $16 Rxd5 18. Qxg7 Rf8 19. Nf3 (19. Qxh7 $2 Rf5 20. Qh3 Qb6 $19) (19. Ne4 $1 $16 {[%cal Oc1g5] Strongly threatening Bg5!} Qe5 20. Bh6 (20. Qxh7 $2 Rh8 $19)) 19... Bb7 (19... Rf5 $1 $11 20. Nd4 Ba8 21. Nxf5 Qc6) 20. Bg5 $36 {[%emt 0:10:41][%mdl 2048] White has strong initiative.} (20. Qxh7 $2 Rf5 $19) 20... Rxg5 21. Nxg5 Bxg5 {[%emt 0:00:32] A strong pair of Bishops.} 22. Rxe6+ (22. Qxg5 Qc6 23. f3 Qxf3 24. Qb5+ Ke7 25. Qb4+ Ke8 26. Qb5+ Ke7 27. Qb4+ Ke8 28. Qb5+ $11) 22... Be7 23. Re3 {[%emt 0:00:22] Some like it hot. White is much more active.} Qc6 24. f3 $1 (24. Rxe7+ $6 Kxe7 25. Re1+ Kd7 26. Qg4+ (26. Rd1+ $2 Kc7 $19) 26... Kd8 27. Rd1+ Ke7 (27... Kc7 $2 28. Qf4+ Kc8 29. Rc1 $18) 28. Qh4+ (28. Qb4+ $2 Ke6 $19) (28. Qg5+ f6 $17) 28... f6 29. Qxh7+ Rf7 30. Re1+ Kd6 31. Rd1+ Ke7 32. Re1+ Kd6 33. Rd1+ Ke6 34. Re1+ Kd6 $11) 24... Qc5 25. Rae1 {[%emt 0:01:19] And now b4 would win.} Bd5 (25... Bc8 $16 {is a better defense.}) 26. Kg2 (26. Qxh7 Qd4 27. Qc2 Be6 $18) (26. Qg4 $18 Be6 27. Qa4+ Kd8 28. Kh1) 26... Be6 27. Qxh7 Qd4 28. Qc2 {[%emt 0:06:01] aiming for Rd3.} Rh8 29. Rd3 (29. Rxe6 $16 fxe6 30. Qc8+ (30. Rxe6 Qd7 $16) 30... Bd8 31. Qxe6+ (31. Rxe6+ Kf8 $16) 31... Kf8 32. h4 Qxb2+ 33. Re2) 29... Qf6 {[%emt 0:00:46][%cal Oh8h5] [#]} 30. Rb3 $1 Kf8 (30... Bh3+ 31. Kg1) 31. Rb8+ Kg7 32. Rxh8 Kxh8 33. Qc3 Qxc3 34. bxc3 Bf6 {[%emt 0:00:04] [#]} 35. Rc1 (35. Rxe6 $1 $18 fxe6 36. c4) 35... Bxa2 36. Ra1 Be6 37. Rxa7 Bxc3 38. g4 Kg7 39. h3 (39. h4 $16) 39... Kg6 40. f4 {[%emt 0:00:51] Threatens to win with f5+.} Bd5+ 41. Kh2 f5 42. Ra6+ Kg7 43. Rd6 Be4 44. Rd7+ Kg6 45. Rd1 Bb4 46. Kg3 Bc2 47. Ra1 Bd3 48. Rd1 Bc2 49. Rd4 (49. Rf1 $16) 49... Be1+ $11 50. Kf3 Be4+ 51. Ke2 Bg3 52. Ke3 Bh2 53. Rd6+ Kg7 54. Rd1 Bg2 {[%emt 0:00:59] The position is equal.} 55. g5 {[%emt 0:03:12][%cal Bg4g5,Bg5g6][%mdl 32] h4 is the strong threat.} Be4 56. h4 Kg6 57. Rd6+ Kh5 58. g6 Bg1+ 59. Ke2 {[%emt 0:00:16] g7 would kill now.} Kh6 {[%emt 0:00:20] [#]} 60. h5 $1 {[%emt 0:01:08] White threatens Rd7 and mate.} Bh2 $1 61. Ke3 Bg1+ 62. Ke2 {[%emt 0:00:02] Intending Rd7 and mate.} Bh2 $1 63. Rd8 Bxf4 64. Rh8+ Kg7 65. Rh7+ Kg8 66. h6 Bxh6 67. Rxh6 Kg7 68. Rh5 Kxg6 69. Rxf5 Kxf5 {[%emt 0:00:05] Blacks defense is rewarded with a draw.   Weighted Error Value: White=0.14 (very precise) /Black=0.15 (very precise) .  Mistake:       	White=6     	Black=3      Inaccurate:     	White=1     	Black=4      OK:         	White=24    	Black=24     Best:        	White=3     	Black=10     Strong:       	White=1     	Black=2      Brilliant:      	White=1     	---} 1/2-1/2

[Event "Smuk Skak GM Tournament 2024"]
[Site "Skanderborg"]
[Date "2024.08.17"]
[Round "1.5"]
[White "Olsen, Filip Boe"]
[Black "Licznerski, Lukasz"]
[Result "1/2-1/2"]
[ECO "B30"]
[WhiteElo "2431"]
[BlackElo "2427"]
[Annotator "RC"]
[PlyCount "168"]
[EventDate "2024.08.11"]
[EventType "tourn"]
[EventCountry "DEN"]
[SourceTitle "playchess.com"]
[Source "ChessBase"]
[SourceQuality "1"]
[TimeControl "40/5400+30:1800+30"]

1. e4 c5 2. Nf3 Nc6 3. Bc4 Nf6 4. e5 d5 5. Bb5 Nd7 6. Bxc6 bxc6 7. d3 g6 8. O-O Bg7 9. Re1 O-O 10. Nc3 f6 11. exf6 Nxf6 12. h3 Qd6 13. Bg5 Re8 14. Ne5 Nd7 15. Nxd7 Bxd7 16. Qd2 Rab8 17. Rab1 e5 18. b3 Rb7 19. Re2 Bc8 20. Rbe1 Qf8 21. Na4 c4 22. dxc4 dxc4 23. Qc3 Be6 24. Be3 Rc7 25. Nc5 Qf7 26. Nxe6 Qxe6 27. Bd4 Rce7 28. f4 e4 29. Bxg7 Rxg7 30. Qxc4 Qxc4 31. bxc4 Rb7 32. c3 Rbe7 33. Kf2 Kf7 34. Rd1 Rb8 35. Rd6 e3+ 36. Kf3 Rb1 37. Rxe3 Rf1+ 38. Ke2 Re1+ 39. Kxe1 Rxe3+ 40. Kf2 Rxc3 41. Rxc6 a5 42. Rc7+ Kf6 43. Rxh7 Rxc4 44. Kf3 Ra4 45. Ra7 Rxa2 46. Ra6+ Kg7 47. g3 Ra3+ 48. Kg4 Kh6 49. Kh4 Ra4 50. Kg4 Ra3 51. f5 Ra4+ 52. Kf3 Kg5 53. f6 Rb4 54. f7 Rb8 55. h4+ Kh6 56. Rxa5 Kg7 57. Ra7 Rb4 58. Rc7 Ra4 59. Re7 Kf8 60. Rd7 Kg7 61. Rc7 Rb4 62. Ra7 Rc4 63. Rb7 Ra4 64. Re7 Kf8 65. Rc7 Kg7 66. Rd7 Rb4 67. g4 Ra4 68. Kg3 Ra3+ 69. Kf4 Ra4+ 70. Kf3 Ra3+ 71. Ke4 Ra4+ 72. Rd4 Ra5 73. g5 Kxf7 74. Rd5 Ra1 75. Rc5 Ra4+ 76. Ke5 Rxh4 77. Rc7+ Kg8 78. Kf6 Ra4 79. Re7 Ra6+ 80. Re6 Ra8 81. Kxg6 Rb8 82. Kh6 Ra8 83. g6 Rb8 84. Rf6 Rb1 1/2-1/2

[Event "Smuk Skak GM Tournament 2024"]
[Site "Skanderborg"]
[Date "2024.08.18"]
[Round "2.1"]
[White "Pajeken, Jakob Leon"]
[Black "Solodovnichenko, Yuri"]
[Result "1/2-1/2"]
[ECO "C23"]
[WhiteElo "2416"]
[BlackElo "2491"]
[Annotator "TA"]
[PlyCount "78"]
[EventDate "2024.08.11"]
[EventType "tourn"]
[EventCountry "DEN"]
[SourceTitle "playchess.com"]
[Source "ChessBase"]
[SourceQuality "1"]
[TimeControl "40/5400+30:1800+30"]

1. e4 e5 2. Bc4 d6 3. Nf3 Nc6 4. d4 Nf6 5. dxe5 dxe5 6. Qxd8+ Nxd8 7. O-O Bd6 8. Nc3 Be6 9. Bxe6 (9. Bb3 $142) 9... Nxe6 $11 10. Be3 {[%emt 0:01:43] The position is equal.} Ng4 11. Bd2 O-O-O 12. h3 Nf6 13. Rfe1 Rhe8 14. Be3 {[%emt 0:10:01] Inhibits Nd4.} a6 15. Ng5 Nxg5 16. Bxg5 Bb4 17. Bxf6 gxf6 18. Re3 Rd2 19. Rc1 Bxc3 20. Rxc3 {[%emt 0:00:05][%mdl 4096] Endgame. KRR-KRR} Re2 21. Re3 Rxe3 22. fxe3 {[%emt 0:00:04] KR-KR} Kd7 23. Rd1+ Ke6 24. Kf2 h5 25. g3 Rh8 26. Kf3 a5 27. a4 h4 28. g4 Rb8 29. c4 Ra8 30. Rd5 c6 31. Rd3 b6 32. b3 Ke7 33. Rd2 Rb8 34. Rd3 Rb7 35. Rd2 Rd7 36. Rxd7+ Kxd7 37. c5 b5 (37... bxc5 $5 38. Ke2 $8 c4 39. bxc4 c5 $11) 38. Ke2 bxa4 39. bxa4 Ke7 {[%emt 0:00:06] A rather calm draw.   Weighted Error Value: White=0.04 (flawless) /Black=0.03 (flawless) .  Mistake:       	White=1     	---        OK:         	White=11    	Black=15     Best:        	White=2     	---} 1/2-1/2

[Event "Smuk Skak GM Tournament 2024"]
[Site "Skanderborg"]
[Date "2024.08.18"]
[Round "2.5"]
[White "Aczel, Gergely"]
[Black "Licznerski, Lukasz"]
[Result "1/2-1/2"]
[ECO "D72"]
[WhiteElo "2485"]
[BlackElo "2427"]
[Annotator "TA"]
[PlyCount "139"]
[EventDate "2024.08.11"]
[EventType "tourn"]
[EventCountry "DEN"]
[SourceTitle "playchess.com"]
[Source "ChessBase"]
[SourceQuality "1"]
[TimeControl "40/5400+30:1800+30"]

1. d4 Nf6 2. c4 g6 3. g3 Bg7 4. Bg2 d5 5. cxd5 Nxd5 6. e4 Nb6 7. Ne2 e5 8. d5 c6 9. O-O O-O 10. a4 a5 11. Nec3 Na6 12. Na3 Nb4 13. Be3 cxd5 14. exd5 Bf5 15. Qd2 e4 16. Bxb6 Qxb6 17. Nxe4 Bxe4 18. Bxe4 f5 19. Bf3 f4 20. g4 Rad8 21. Nc4 Qa6 22. Rac1 Nc6 23. Qd3 Nd4 24. Rfe1 Qf6 25. Ne5 Qb6 26. Rc4 Ne6 27. Nc6 Nc5 28. Ne7+ Kh8 29. Qc2 Nd7 30. Re6 Qxb2 31. Qxb2 Bxb2 32. Rc7 Ba3 33. d6 (33. Rxb7 Nc5 34. Rc7 Nxe6 35. dxe6 Bxe7 (35... Rde8 36. Nc6 $17) 36. Rxe7 Rfe8 $17) 33... Nc5 $2 ({Better is} 33... Ne5 $1 $14 34. Rxe5 Bxd6) 34. Rxg6 $1 $18 (34. Re5 Nd7 35. Re6 (35. Rxa5 Bxd6 36. Rxb7 Bxe7 $17) 35... Ne5 36. Rxe5 Bxd6 $16) 34... Na6 (34... hxg6 $2 35. Nxg6+ Kg8 36. Bd5+ $18 (36. Bxb7 $2 Rf6 $19) (36. Bxb7 $2 Rf6 $19)) 35. Rxb7 $1 Rxd6 (35... hxg6 $2 36. Nxg6+ Kg8 37. Bd5+ $18) (35... Nc5 $2 36. Ra7 Rd7 37. Rxd7 (37. Rxa5 hxg6 38. Nxg6+ Kg7 $14) 37... Nxd7 38. Rh6 $18) 36. Rxd6 Bxd6 37. Nf5 Bc5 38. Rb5 Bb4 39. Be4 Re8 40. f3 Nc5 41. Nd6 Re6 $2 (41... Rf8 $16) 42. Rb6 (42. Rb8+ $142 Kg7 43. Ne8+ Kh6 44. Bf5) 42... Kg7 $18 43. Bd5 Re1+ 44. Kg2 Kf6 45. Nc4+ (45. Ne4+ $16 Ke5 46. Bc6) 45... Kg7 (45... Kg5 $11) 46. Nxa5 $1 $16 Nd3 ({Don't play} 46... Bxa5 47. Rb5) 47. Rb7+ Kh6 {[%emt 0:02:52] [#]} 48. Nc6 $1 Bc5 49. Bc4 Re2+ 50. Kh3 Rf2 {[%emt 0:00:02] [#]} 51. Bxd3 (51. g5+ $1 $16 Kxg5 52. Rg7+ (52. Bxd3 Rxf3+ 53. Kg2 Rxd3 $11) 52... Kf6 53. Rxh7 Rxf3+ 54. Kh4 (54. Kg4 Re3 $16)) 51... Rxf3+ $14 52. Kg2 Rxd3 53. Ne5 (53. Rf7 $14) 53... Re3 $11 54. Nf3 Re2+ $1 55. Kh3 Re3 $1 56. Kg2 Re2+ $1 57. Kh3 Re3 $1 58. g5+ Kh5 $1 59. Rxh7+ Kg6 60. Rh6+ Kf5 61. Rf6+ Ke4 62. Kg4 Rxf3 63. Re6+ Kd5 64. Kxf3 Kxe6 65. Ke4 (65. Kxf4 $5 Bd6+ $8 66. Ke4 Bxh2 67. a5 $11) 65... f3 66. Kxf3 Kf5 $1 67. h4 Bb4 68. Ke2 Ba5 69. Kd3 Be1 70. Kc4 1/2-1/2

[Event "Smuk Skak GM Tournament 2024"]
[Site "Skanderborg"]
[Date "2024.08.19"]
[Round "3.1"]
[White "Fromm, Marius"]
[Black "Pajeken, Jakob Leon"]
[Result "1-0"]
[ECO "A47"]
[WhiteElo "2447"]
[BlackElo "2416"]
[Annotator "TA"]
[PlyCount "109"]
[EventDate "2024.08.11"]
[EventType "tourn"]
[EventCountry "DEN"]
[SourceTitle "playchess.com"]
[Source "ChessBase"]
[SourceQuality "1"]
[TimeControl "40/5400+30:1800+30"]

1. c4 Nf6 2. Nf3 b6 3. g3 Bb7 4. Bg2 c5 5. d4 cxd4 6. Qxd4 Nc6 7. Qf4 g6 8. O-O Bg7 9. Nc3 Rc8 10. b3 {[%emt 0:17:00] A30: Symmetrical English: Double Fianchetto and Hedgehog.} O-O 11. Bb2 d5 12. Rad1 e6 13. Nb5 $146 ({Predecessor:} 13. Ba3 Re8 14. Nb5 Ne4 15. cxd5 exd5 16. Nd6 Nxd6 17. Rxd5 Nd4 18. Rxd4 Bxd4 19. Bxd6 {0-1 Teofilovic,V (2285)-Drazic,S (2495) Djakovo op-A 2005 (9)}) 13... Nh5 14. Qd2 a6 15. Bxg7 Nxg7 16. cxd5 Ne7 17. Nc3 Nxd5 18. Nxd5 Bxd5 19. Qb2 Qe7 20. Ne5 Bxg2 21. Kxg2 (21. Rd7 Qe8 22. Kxg2 f6 $19) 21... Rc7 22. Rd2 f6 23. Nc4 b5 24. Nd6 Rd8 25. Rfd1 Rcd7 $1 26. Ne4 $1 Rxd2 27. Rxd2 Rxd2 28. Qxd2 f5 29. Ng5 Ne8 30. h4 Nc7 31. Qc3 e5 32. Qc6 e4 (32... Qd8 $16 {was worth a try.}) 33. a4 $18 bxa4 34. bxa4 e3 (34... h6 $142) 35. f4 $18 Qd8 36. Kh2 Qd2 (36... a5 $142 37. Qb6 Qd7) 37. Qc4+ $18 (37. Qxc7 Qxe2+ 38. Kh1 Qe1+ 39. Kh2 Qf2+ 40. Kh3 Qf1+ 41. Kh2 Qf2+ 42. Kh1 Qf1+ 43. Kh2 Qf2+ $11) 37... Kh8 38. h5 (38. Qxc7 Qxe2+ 39. Kh3 Qf1+ 40. Kh2 Qe2+ 41. Kg1 Qf2+ 42. Kh1 Qf1+ 43. Kh2 Qf2+ 44. Kh3 Qf1+ 45. Kh2 $11) 38... gxh5 39. Nf7+ (39. Qxc7 Qxe2+ 40. Kh1 (40. Kg1 Qf2+ 41. Kh1 Qe1+ 42. Kh2 Qe2+ 43. Kh1 Qd1+ 44. Kg2 Qe2+ 45. Kh3 Qg4+ 46. Kg2 Qe2+ 47. Kh1 Qd1+ 48. Kh2 Qe2+ $11) 40... Qf1+ 41. Kh2 Qe2+ 42. Kh1 (42. Kg1 Qd1+ 43. Kg2 Qe2+ 44. Kh3 Qg4+ 45. Kh2 Qe2+ $11) 42... Qf1+ 43. Kh2 Qe2+ $11) 39... Kg7 {[%emt 0:00:17] [#]} 40. Ne5 $1 (40. Qxc7 Qxe2+ 41. Kh3 Qg4+ 42. Kg2 Qe2+ 43. Kh1 Kf6 $11) 40... Nd5 41. Qxa6 Nf6 42. Qc4 Ng4+ 43. Kg2 Nxe5 44. fxe5 Qa5 $2 (44... h6 45. Kf3 Qd1) 45. Qd4 $2 (45. Qb5 Qa8+ 46. Kh2) 45... Qd2 $18 46. Qc4 $2 (46. Qa7+ Kg8 47. Qb8+ Kf7 48. Qc7+ Kg8 49. Qc8+ Kg7 50. Qb7+ (50. Qxf5 Qxe2+ 51. Kh3 Qe1 $11) 50... Kf8 51. Qb5 (51. Qxh7 Qxe2+ 52. Kh3 Qg4+ 53. Kh2 Qg5 $11)) 46... Qa5 $1 $18 47. Qb5 Qe1 48. Qd7+ Kg8 49. Qe6+ (49. Qxf5 Qxe2+ 50. Kh3 Qe1 $11) 49... Kg7 50. Qf6+ ({Weaker is} 50. Qxf5 Qxe2+ 51. Kh3 Qd1 $11) 50... Kg8 51. Qg5+ ({Worse is} 51. Qxf5 Qxe2+ 52. Kh3 Qd1 53. Qe6+ Kf8 54. Qf6+ Kg8 55. Qe6+ Kh8 56. Qf6+ Kg8 57. Qe6+ $11) 51... Kh8 52. Qxe3 h4 53. e6 h3+ 54. Kh2 $1 f4 55. gxf4 ({And not} 55. Qxf4 Qxe2+ 56. Kxh3 Qxe6+ 57. Kh4 Qe7+ 58. Kh5 Qc5+ 59. Kg4 (59. Qg5 Qc6 $11) 59... Qc8+ 60. Qf5 Qe8 $14) 1-0

[Event "Smuk Skak GM Tournament 2024"]
[Site "Skanderborg"]
[Date "2024.08.19"]
[Round "3.2"]
[White "Solodovnichenko, Yuri"]
[Black "Aczel, Gergely"]
[Result "1-0"]
[ECO "A50"]
[WhiteElo "2491"]
[BlackElo "2485"]
[Annotator "TA"]
[PlyCount "71"]
[EventDate "2024.08.11"]
[EventType "tourn"]
[EventCountry "DEN"]
[SourceTitle "playchess.com"]
[Source "ChessBase"]
[SourceQuality "1"]
[TimeControl "40/5400+30:1800+30"]

1. d4 Nf6 2. c4 e6 3. Bf4 d5 4. cxd5 Nxd5 5. Bg3 c5 6. e4 Nf6 7. Nd2 Nc6 8. dxc5 {[%emt 0:01:27] The position is equal.} Bxc5 9. e5 Nd5 10. Ngf3 O-O 11. Bd3 b6 12. a3 {[%emt 0:22:15] Wards off Ndb4} f5 (12... Nd4 $11) 13. exf6 $14 Qxf6 (13... Nf4 $14 14. Be4 Nd3+ 15. Bxd3 Qxd3) 14. Ne4 Qxb2 15. O-O Nd4 {[%emt 0:02:51] [#]} 16. Nfg5 (16. Ne5 $1 $16) 16... h6 17. Nxc5 bxc5 {[%emt 0:00:01] [#]} 18. Ne4 Nc3 19. Nxc3 Qxc3 20. Rc1 Qxa3 21. Bd6 {[%emt 0:04:28][%csl LRc5,LRf8][%cal Od6c5] This pair of bishops is nice.} Ba6 $1 22. Bxa6 Qxa6 23. Bxf8 Ne2+ 24. Kh1 Nxc1 (24... Rxf8 $2 {loses.} 25. Rxc5 Nf4 26. Rc3 $18) 25. Bxg7 (25. Bxc5 Nd3 26. Be3 Qc4) 25... Kxg7 26. Qg4+ Kh7 27. Qe4+ $1 Kg7 28. Qe5+ Kh7 29. Rxc1 $16 {[%emt 0:02:09][%mdl 4096] Endgame. KQR-KQR} Rc8 30. Ra1 {[%emt 0:01:42] White is more active.} (30. Rxc5 $2 Qf1#) 30... Qb7 31. Qxe6 {[%emt 0:00:27] Black must now prevent Rd1.} c4 $2 {[%emt 0:00:29][%mdl 8192] A mistake that costs the game.} (31... Rg8 $16 32. Qf5+ Kh8) 32. Rd1 $18 Rc7 {[%emt 0:00:20] Against Rd7+} 33. Qf5+ {[%emt 0:00:19] White mates.} Kg7 34. Rd6 Re7 35. Qf6+ Kh7 36. Qg6+ {[%emt 0:00:11] Weighted Error Value: White=0.08 (flawless) /Black=0.43.  Loses game:     	---       	Black=1      Mistake:       	White=1     	Black=2      Inaccurate:     	White=1     	Black=1      OK:         	White=15    	Black=7      Best:        	White=5     	Black=3      Strong:       	White=1     	Black=1} 1-0

[Event "Smuk Skak GM Tournament 2024"]
[Site "Skanderborg"]
[Date "2024.08.19"]
[Round "3.3"]
[White "Kosakowski, Jakub"]
[Black "Thybo, Jesper Sondergaard"]
[Result "1/2-1/2"]
[ECO "C45"]
[WhiteElo "2501"]
[BlackElo "2554"]
[Annotator "RC"]
[PlyCount "108"]
[EventDate "2024.08.11"]
[EventType "tourn"]
[EventCountry "DEN"]
[SourceTitle "playchess.com"]
[Source "ChessBase"]
[SourceQuality "1"]
[TimeControl "40/5400+30:1800+30"]

1. e4 e5 2. Nf3 Nc6 3. d4 exd4 4. Nxd4 Nf6 5. Nxc6 bxc6 6. Bd3 d5 7. exd5 cxd5 8. O-O Be7 9. c4 O-O 10. Nc3 Bb7 11. Qb3 dxc4 12. Bxh7+ Kxh7 13. Qxb7 Qd7 14. Rd1 Bd6 15. Bf4 Rfb8 16. Qf3 Qf5 17. Rd4 g5 18. Bxd6 Qxf3 19. gxf3 cxd6 20. Rxd6 Kg7 21. Rb1 Rd8 22. Rc6 Rac8 23. Rxc8 Rxc8 24. Rc1 Rd8 25. Rd1 Rb8 26. Rd2 Nh5 27. Ne2 Kg6 28. Kf1 f6 29. Rc2 Ng7 30. f4 g4 31. f5+ Kg5 32. Rxc4 Rxb2 33. Ra4 Nh5 34. Nd4 Rb1+ 35. Ke2 Nf4+ 36. Ke3 Nd5+ 37. Kd2 Rb2+ 38. Nc2 Rb7 39. Ra5 Rd7 40. Ne3 Nf4+ 41. Ke1 Rh7 42. Nd5 Nxd5 43. Rxd5 Rxh2 44. Rd7 Kxf5 45. Rxa7 Kf4 46. Kf1 f5 47. Ra4+ Kg5 48. Ra5 Rh3 49. Kg2 Rc3 50. Ra8 Rc2 51. Rg8+ Kf6 52. Rf8+ Kg5 53. Rg8+ Kf6 54. Rf8+ Ke5 1/2-1/2

[Event "Smuk Skak GM Tournament 2024"]
[Site "Skanderborg"]
[Date "2024.08.19"]
[Round "3.4"]
[White "Olsen, Filip Boe"]
[Black "Vinter-Schou, Uffe"]
[Result "0-1"]
[ECO "A56"]
[WhiteElo "2431"]
[BlackElo "2340"]
[Annotator "RC"]
[PlyCount "72"]
[EventDate "2024.08.11"]
[EventType "tourn"]
[EventCountry "DEN"]
[SourceTitle "playchess.com"]
[Source "ChessBase"]
[SourceQuality "1"]
[TimeControl "40/5400+30:1800+30"]

1. d4 Nf6 2. c4 c5 3. d5 g6 4. Nc3 Bg7 5. e4 d6 6. Nf3 O-O 7. Be2 e6 8. O-O exd5 9. exd5 Bf5 10. Bf4 Ne4 11. Nxe4 Bxe4 12. Nd2 Re8 13. Nxe4 Rxe4 14. Bg3 Qc7 15. Qc2 Re7 16. Bh4 Re8 17. f4 Nd7 18. f5 Bd4+ 19. Kh1 Kg7 20. Bd3 Bf6 21. fxg6 hxg6 22. Bxf6+ Nxf6 23. Qf2 Ng4 24. Qf4 Qd7 25. h3 Ne5 26. Bc2 Qe7 27. Rae1 Rh8 28. b3 Rh4 29. Qg3 Rah8 30. Re3 Rd4 31. Qf2 Qh4 32. Qe2 Rh5 33. Kg1 Rf4 34. Re1 Ng4 35. Re7 Qg3 36. Qxg4 Qf2+ 0-1